Map: [ESL] Oceanborn

Players

HeroMarine

  • Race: Terran Terran
  • Spawn Location: 5:00

MaxPax - Winner!

  • Race: Protoss Protoss
  • Spawn Location: 11:00

Event: ESL SC2 Masters 2024 Spring (Regional)

VOD

Have the link to the VOD?

Description

Time

  • Played on: May 3, 2024, 11:17 a.m.
  • Length: 14:21

All games in this series

Show
View Real Time Build Order
Export as new Build Order

HeroMarine Terran 

Build Orders: Reaper Expand 

Get SALT Encoding   

  12  0:00  SCV  
  13  0:12  SCV  
  14  0:16  Supply Depot  
  14  0:24  SCV  
  15  0:38  SCV, Barracks  
  16  0:43  Refinery  
  16  0:50  SCV  
  17  1:02  SCV  
  18  1:14  SCV  
  19  1:26  Reaper  
  19  1:27  Orbital Command  
  20  1:43  Command Center  
  20  1:46  Supply Depot  
  20  1:52  SCV  
  21  1:58  Marine  
  22  2:05  SCV  
  23  2:13  Bunker  
  23  2:16  Barracks Reactor  
  23  2:17  SCV  
  24  2:26  Command Center  
  24  2:29  SCV  
  25  2:41  SCV  
  26  2:51  Factory  
  26  2:53  SCV  
  26  2:57  Orbital Command  
  26  2:59  Marine  
  26  3:00  Marine  
  26  3:05  SCV  
  29  3:12  Barracks  
  29  3:17  SCV, Marine x2  
  31  3:24  SCV, Refinery  
  32  3:29  SCV  
  33  3:35  Factory Tech Lab, Marine x2  
  33  3:36  SCV  
  37  3:41  SCV  
  37  3:44  Orbital Command  
  37  3:48  SCV  
  38  3:53  SCV  
  38  3:54  Siege Tank  
  38  3:55  Marine x2  
  44  3:59  Barracks Tech Lab  
  44  4:00  SCV  
  45  4:04  Barracks  
  45  4:06  SCV  
  46  4:10  SCV  
  46  4:12  SCV  
  46  4:13  Marine x2  
  50  4:17  Stimpack  
  50  4:18  SCV  
  50  4:20  Marine  
  50  4:21  Supply Depot  
  50  4:22  SCV  
  53  4:24  SCV  
  54  4:32  Siege Tank  
  54  4:33  SCV, Supply Depot  
  54  4:34  SCV  
  54  4:36  Marine x2  
  61  4:42  SCV  
  61  4:45  SCV, Engineering Bay  
  63  4:46  SCV  
  63  4:51  Supply Depot  
  64  4:55  SCV  
  64  4:57  SCV, Supply Depot  
  64  4:58  SCV, Marine x2  
  64  4:59  Marine x2  
  71  5:07  SCV, Siege Tank  
  71  5:09  SCV  
  71  5:12  SCV  
  76  5:16  Marine  
  76  5:17  Terran Infantry Weapons Level 1, Marine  
  76  5:18  Refinery  
  76  5:19  SCV, Refinery  
  76  5:21  Marine x2  
  77  5:24  SCV x2  
  79  5:31  SCV  
  79  5:34  Marine  
  79  5:35  Marine  
  79  5:39  SCV x2, Marine  
  82  5:45  Starport  
  82  5:48  SCV  
  82  5:49  Missile Turret  
  82  5:50  Factory Reactor  
  82  5:52  Marine  
  82  5:53  Marine x2  
  82  5:55  Combat Shield  
  86  5:57  Marine  
  86  6:03  Supply Depot  
  86  6:09  Barracks x2  
  86  6:10  Marine  
  86  6:11  Marine x2  
  87  6:14  SCV  
  87  6:15  SCV x2, Missile Turret  
  90  6:21  Marauder  
  91  6:27  SCV, Marine  
  91  6:29  Marauder, Marine  
  91  6:31  SCV  
  97  6:33  Factory Reactor  
  97  6:36  Orbital Command  
  97  6:39  SCV  
  98  6:42  Supply Depot  
  98  6:43  Supply Depot, Marauder  
  98  6:44  Medivac x2  
  98  6:45  Marine  
  98  6:46  SCV  
  106  6:51  SCV  
  105  6:55  Marauder  
  105  6:56  Barracks Reactor  
  105  6:57  Barracks Tech Lab  
  105  6:58  SCV  
  108  7:03  SCV x2  
  108  7:04  Marauder  
  112  7:08  Supply Depot  
  112  7:10  SCV  
  112  7:11  Supply Depot  
  112  7:14  Medivac  
  107  7:17  Marauder  
  107  7:19  Medivac  
  107  7:22  Widow Mine  
  114  7:23  Marine x2  
  114  7:24  Widow Mine  
  114  7:25  Marauder  
  114  7:26  SCV x2, Marauder  
  114  7:28  Concussive Shells  
  121  7:30  SCV  
  121  7:35  Marine x2  
  124  7:37  Marine  
  124  7:38  SCV x2  
  124  7:41  Marine x2  
  124  7:43  SCV, Widow Mine  
  124  7:44  Medivac  
  132  7:46  Marine  
  132  7:49  Medivac, Refinery x2  
  132  7:50  SCV x2  
  137  7:55  SCV  
  137  7:57  Marauder  
  137  8:02  SCV x2  
  137  8:05  Marauder x2  
  132  8:07  SCV  
  132  8:08  Marine x2  
  132  8:12  Marine x2  
  136  8:19  Marauder  
  141  8:20  Ghost Academy  
  141  8:21  Supply Depot  
  141  8:22  Supply Depot  
  141  8:24  Terran Infantry Armor Level 1, Supply Depot  
  141  8:25  Marine  
  141  8:26  Marauder, Marine  
  142  8:30  Viking x2  
  142  8:32  Starport  
  144  8:40  Marauder x2  
  148  8:42  Marine  
  148  8:43  Marine x2  
  148  8:44  Supply Depot  
  148  8:47  Supply Depot, Bunker  
  151  8:49  Supply Depot  
  149  9:00  Viking x2  
  160  9:07  Ghost x3  
  160  9:08  Marine x4  
  161  9:17  Supply Depot, Viking  
  161  9:21  Viking  
  165  9:28  Missile Turret  
  165  9:30  Viking x2  
  168  9:37  Ghost  
  168  9:38  Ghost  
  170  9:48  Command Center, Marine x3  
  172  9:57  SCV x2  
  172  9:58  SCV  
  166  10:01  Marauder  
  166  10:03  Medivac, Viking  
  166  10:04  Medivac  
  174  10:07  Marauder  
  174  10:08  Viking  
  169  10:19  Marauder  
  167  10:21  Marine  
  167  10:22  Marauder, Marine  
  167  10:27  Marine  
  163  10:33  Viking x2  
  163  10:34  Viking  
  168  10:38  Viking  
  168  10:42  Marauder x2  
  174  10:44  Marauder  
  174  10:48  Marine x2  
  176  10:51  Missile Turret  
  176  10:53  Marine x2  
  176  11:03  Marauder x2  
  174  11:05  Marauder  
  174  11:06  Marine x2  
  141  11:25  Marauder x2  
  131  11:27  Armory  
  131  11:28  Marine  
  131  11:30  Engineering Bay  
  131  11:31  Ghost  
  128  11:33  Marine  
  128  11:34  Marine  
  128  11:35  Marine  
  131  11:45  Ghost x2  
  135  11:52  Marine x2  
  135  11:53  Marine x2  
  139  11:54  Planetary Fortress  
  139  12:00  Ghost  
  141  12:14  Ghost x2  
  145  12:21  Missile Turret  
  145  12:25  Marine  
  145  12:26  Marine x2  
  145  12:27  Marine  
  145  12:28  Ghost  
  151  12:33  Liberator  
  151  12:36  Liberator  
  157  12:42  Ghost  
  157  12:43  Marine x3  
  157  12:44  Marine  
  155  12:45  Marine  
  144  12:58  Marauder  
  131  13:01  Marine x4  
  131  13:03  Marine  
  122  13:12  Marauder  
  119  13:16  Medivac x2  
  119  13:18  Marine  
  119  13:19  Marauder, Marine x3  
  128  13:21  Marine  
  115  13:28  Medivac x2  
  115  13:33  Marauder  
  121  13:37  Marauder, Marine x3  
  121  13:39  Marine  
  121  13:40  Marauder  
  114  13:52  SCV x3  
  114  13:54  Marine, Marauder  
  114  13:55  Marine x2  
  121  13:56  Marine  
  121  13:58  SCV, Marauder  
  127  14:04  SCV  
Show
View Real Time Build Order
Export as new Build Order

MaxPax Protoss - Winner!

Build Orders: 1 Gate Expand, Blink Stalkers 

Get SALT Encoding   

  12  0:00  Probe  
  13  0:12  Probe  
  14  0:16  Pylon  
  14  0:24  Probe (Chrono Boost)  
  16  0:36  Probe (Chrono Boost), Gateway  
  16  0:43  Probe (Chrono Boost)  
  16  0:45  Assimilator  
  17  0:51  Probe  
  18  1:03  Probe  
  19  1:15  Probe  
  20  1:23  Cybernetics Core  
  20  1:24  Zealot  
  22  1:36  Nexus  
  22  1:42  Pylon  
  22  1:46  Probe  
  23  1:51  Assimilator  
  23  1:58  Adept (Chrono Boost)  
  23  2:00  Probe  
  26  2:03  Warp Gate  
  26  2:13  Probe  
  27  2:18  Adept (Chrono Boost)  
  29  2:25  Probe  
  30  2:32  Twilight Council  
  30  2:37  Gateway  
  30  2:39  Probe  
  31  2:52  Probe  
  31  2:54  Stalker  
  31  2:55  Probe  
  33  3:02  Blink (Chrono Boost)  
  33  3:04  Probe  
  32  3:07  Probe  
  33  3:16  Probe  
  33  3:19  Probe  
  35  3:24  Robotics Facility  
  35  3:28  Probe  
  35  3:31  Probe  
  37  3:37  Gateway  
  37  3:40  Probe  
  38  3:42  Pylon  
  38  3:44  Probe  
  39  3:52  Probe  
  39  3:53  Stalker  
  39  3:54  Stalker  
  44  3:56  Probe  
  45  4:03  Pylon  
  45  4:05  Probe  
  45  4:08  Warp Prism (Chrono Boost), Probe  
  49  4:24  Pylon  
  49  4:31  Stalker x3  
  55  4:42  Probe, Nexus  
  55  4:43  Observer, Probe  
  58  4:55  Probe x2  
  58  4:59  Assimilator  
  60  5:00  Stalker  
  60  5:01  Stalker x2  
  67  5:07  Probe  
  67  5:08  Probe  
  68  5:15  Forge  
  68  5:17  Pylon  
  68  5:19  Probe  
  68  5:20  Probe  
  70  5:33  Observer  
  70  5:35  Charge (Chrono Boost)  
  70  5:36  Probe (Chrono Boost)  
  70  5:37  Probe (Chrono Boost)  
  72  5:44  Gateway  
  72  5:46  Gateway  
  72  5:47  Probe (Chrono Boost)  
  72  5:48  Probe (Chrono Boost), Gateway  
  74  5:52  Probe (Chrono Boost)  
  74  5:53  Stalker x2  
  74  5:54  Probe (Chrono Boost)  
  74  5:56  Probe (Chrono Boost)  
  81  5:59  Protoss Ground Weapons Level 1 (Chrono Boost)  
  83  6:06  Gateway  
  83  6:07  Observer  
  83  6:08  Probe x2 (Chrono Boost), Gateway  
  83  6:10  Probe (Chrono Boost)  
  85  6:14  Probe (Chrono Boost)  
  85  6:15  Probe (Chrono Boost)  
  86  6:21  Probe  
  87  6:26  Probe  
  87  6:28  Probe  
  87  6:30  Assimilator  
  87  6:31  Observer  
  89  6:33  Probe  
  89  6:36  Robotics Bay  
  89  6:38  Shield Battery  
  89  6:39  Pylon, Zealot  
  93  6:40  Pylon  
  93  6:42  Pylon  
  93  6:48  Pylon  
  93  6:53  Pylon  
  93  6:57  Immortal (Chrono Boost)  
  93  6:58  Zealot x3  
  93  6:59  Zealot x2  
  93  7:00  Nexus  
  107  7:05  Zealot x2, Sentry  
  105  7:21  Zealot x5  
  115  7:26  Pylon  
  115  7:30  Colossus (Chrono Boost)  
  121  7:39  Extended Thermal Lance (Chrono Boost)  
  121  7:40  Zealot x3  
  121  7:42  Probe x2  
  113  8:06  Probe  
  113  8:07  Probe x2  
  113  8:09  Zealot x3  
  113  8:10  Zealot  
  113  8:11  Zealot x3  
  124  8:13  Colossus (Chrono Boost)  
  124  8:16  Sentry, Probe  
  124  8:19  Probe x2  
  131  8:21  Probe  
  132  8:28  Probe  
  132  8:29  Protoss Ground Weapons Level 2 (Chrono Boost)  
  132  8:31  Probe x2  
  132  8:32  Gateway  
  132  8:33  Shield Battery, Gateway  
  135  8:36  Forge  
  135  8:40  Probe  
  136  8:42  Zealot x7  
  136  8:43  Zealot  
  136  8:44  Probe  
  136  8:47  Probe  
  152  9:00  Colossus (Chrono Boost)  
  156  9:07  Pylon, Protoss Ground Armor Level 1 (Chrono Boost)  
  156  9:09  Assimilator  
  152  9:12  Dark Shrine  
  152  9:14  Assimilator  
  152  9:18  Zealot  
  152  9:19  Zealot  
  154  9:26  Robotics Facility  
  154  9:27  Pylon, Robotics Facility  
  154  9:29  Probe  
  154  9:31  Zealot x4  
  162  9:37  Colossus (Chrono Boost)  
  164  9:47  Zealot x4  
  164  9:52  Probe  
  171  9:57  Pylon  
  171  9:59  Nexus  
  169  10:04  Photon Cannon  
  169  10:06  Probe  
  160  10:15  Zealot x6  
  160  10:16  Zealot  
  160  10:17  Disruptor x2 (Chrono Boost)  
  164  10:22  Stalker x2  
  164  10:23  Stalker  
  154  10:39  Dark Templar x2  
  154  10:41  Disruptor (Chrono Boost), Dark Templar  
  154  10:42  Zealot x4  
  168  10:46  Disruptor (Chrono Boost)  
  172  10:52  Dark Templar  
  157  11:05  Zealot x6  
  165  11:17  Zealot x3, Disruptor (Chrono Boost)  
  157  11:21  Archon  
  157  11:24  Disruptor (Chrono Boost), Probe x2  
  155  11:26  Protoss Ground Weapons Level 3 (Chrono Boost), Probe x2  
  155  11:27  Probe  
  155  11:30  Zealot x5  
  155  11:31  Zealot x2  
  172  11:34  Photon Cannon  
  172  11:35  Shield Battery  
  172  11:37  Pylon, Probe  
  172  11:38  Photon Cannon  
  172  11:39  Protoss Ground Armor Level 2 (Chrono Boost)  
  173  11:41  Shield Battery, Shadow Stride (Chrono Boost), Photon Cannon  
  173  11:42  Pylon  
  173  11:44  Pylon  
  171  11:49  Sentry  
  171  11:50  Stalker x2  
  171  11:53  Probe x2  
  171  11:54  Probe  
  180  11:59  Observer (Chrono Boost)  
  181  12:01  Stalker x3  
  181  12:06  Probe  
  181  12:08  Observer (Chrono Boost)  
  186  12:11  Probe x2  
  186  12:12  Probe  
  190  12:15  Assimilator  
  190  12:17  Assimilator  
  190  12:18  Photon Cannon  
  190  12:19  Zealot x5, Shield Battery  
  190  12:20  Pylon  
  198  12:27  Zealot  
  198  12:45  Zealot  
  198  12:48  Nexus  
  192  12:51  Pylon  
  192  12:56  Zealot x6  
  192  12:57  Zealot x3  
  189  13:07  Colossus (Chrono Boost)  
  189  13:08  Zealot  
  189  13:17  Colossus (Chrono Boost)  
  189  13:18  Gateway  
  185  13:20  Gateway  
  173  13:27  Zealot x9  
  171  13:45  Stalker  
  165  13:52  Dark Templar x9  
  195  14:03  Photon Cannon  
  195  14:04  Shield Battery  
Tags
 
Add a new tag
Caveats
  • Supply blocks, unpowered buildings, or Contaminate may cause inaccurate times.
  • Supply counts are checked every 10 seconds.